 Dungeon Crawl Stone Soup version 0.26.1-2-gb8aa6d0cf2 (webtiles) character file.

Game seed: 3197659465851797728

697 hawla the Conjurer (level 7, -4/36 HPs)
             Began as a Deep Elf Conjurer on Feb 15, 2021.
             Slain by a centaur (6 damage)
             ... on level 5 of the Dungeon.
             The game lasted 00:08:42 (4822 turns).

hawla the Conjurer (Deep Elf Conjurer)              Turns: 4822, Time: 00:08:42

Health: -4/36      AC:  3    Str:  4    XL:     7   Next: 37%
Magic:  18/18      EV: 13    Int: 31    God:
Gold:   304        SH:  0    Dex: 13    Spells: 12/19 levels left

rFire    . . .     SeeInvis .   r - staff of conjuration
rCold    . . .     Faith    .   (no shield)
rNeg     . . .     Spirit   .   a - +0 robe
rPois    .         Reflect  .   (no helmet)
rElec    .         Harm     .   g - +0 cloak
rCorr    .         Rampage  .   (no gloves)
Will     .....                  (no boots)
Stlth    ++........             (no amulet)
HPRegen  0.12/turn              j - +6 ring of intelligence
MPRegen  0.16/turn              (no ring)

@: no status effects
A: no striking features
a: no special abilities


You were on level 5 of the Dungeon.
You visited 1 branch of the dungeon, and saw 5 of its levels.

You collected 304 gold pieces.

Inventory:

Hand Weapons
 d - a +2 whip of draining
Missiles
 e - 11 poisoned darts
 i - a throwing net
Armour
 a - a +0 robe (worn)
 g - a +0 cloak (worn)
Magical Staves
 r - an uncursed staff of conjuration (weapon)
Jewellery
 j - a +6 ring of intelligence (left hand)
 m - an uncursed ring of ice
Wands
 q - a wand of enslavement (5)
 w - a wand of acid (9)
Scrolls
 h - 3 scrolls of remove curse
 k - 2 scrolls of fear
 l - 5 scrolls of teleportation
 o - a scroll of magic mapping
 s - a scroll of enchant weapon {unknown}
 t - a scroll of blinking {unknown}
Potions
 c - 2 potions of curing
 f - 2 potions of magic
 n - a potion of flight
 p - a potion of mutation {unknown}
 u - 2 potions of attraction {unknown}


   Skills:
 - Level 2.4 Dodging
 - Level 2.4 Stealth
 + Level 6.5 Spellcasting
 * Level 6.9 Conjurations
 + Level 1.4 Translocations
 + Level 4.6 Fire Magic


You had 12 spell levels left.
You knew the following spells:

 Your Spells              Type           Power        Failure   Level
a - Magic Dart            Conj           100%         1%          1
b - Searing Ray           Conj           100%         1%          2
c - Iskenderun's Mystic   Conj/Tloc      52%          9%          4

Your spell library contained the following spells:

 Spells                   Type           Power        Failure   Level
 Dazzling Flash           Conj/Hex       94%          3%          3
 Fulminant Prism          Conj/Hex       23%          11%         4


Dungeon Overview and Level Annotations

Branches:
Dungeon (5/15)
 Temple: D:4-7

Altars:
Dithmenos
Ru
Trog


Message History

The centaur shouts!
The centaur wields a +0 shortbow.
The centaur shoots an arrow.
The arrow hits you!
You see here an arrow.
A centaur is nearby!
The centaur shoots an arrow.
The arrow hits you!
The centaur shoots an arrow.
The arrow hits you!
* * * LOW HITPOINT WARNING * * *
You see here 2 arrows.
You are too injured to fight recklessly!
You feel much better.
The centaur shoots an arrow.
The arrow hits you!
* * * LOW HITPOINT WARNING * * *
You see here an arrow.
You feel much better.
The centaur shoots an arrow.
The arrow hits you.
The centaur shoots an arrow.
The arrow hits you!
* * * LOW HITPOINT WARNING * * *
The centaur unwields a +0 shortbow.
The centaur misses you. The centaur hits you.
You die...

#.# #.# ### #.# ..# #
#.# ... ### #[# ..#
..#### #.## #..# .
.....####..# #..#...
###........#
###c.....# #
###......####.@......#
# ###.....(((.......##
. #........###....## .
.).......### ##..# ..
........## ..#
...####..# ..# .##
#.)# .# ...# .# ....#


You could see a centaur.

Vanquished Creatures
  2 ogres (D:4)
  A scorpion (D:4)
  A jelly (D:4)
  3 centaur skeletons
  A hound (D:3)
  2 orc wizards (D:4)
  3 worker ants
  11 gnolls
  An adder (D:3)
  A shadow imp (D:5)
  2 oozes
  2 worms (D:2)
  3 leopard geckos
  2 orcs (D:4)
  5 giant cockroaches
  7 goblins
  9 hobgoblins
  4 jackals (D:4)
  7 kobolds
  2 quokkas
  A ball python (D:3)
  5 bats
  8 frilled lizards
  A jackal skeleton (D:5)
  A leopard gecko skeleton (D:4)
  3 quokka skeletons
  6 rats
94 creatures vanquished.

Notes
Turn   | Place    | Note
-------+----------+-------------------------------------------
     0 | D:1      | hawla the Deep Elf Conjurer began the quest for the Orb.
     0 | D:1      | Reached XP level 1. HP: 10/10 MP: 6/6
   222 | D:1      | Reached XP level 2. HP: 15/15 MP: 6/8
   324 | D:1      | Reached skill level 1 in Fire Magic
   431 | D:1      | Learned a level 2 spell: Searing Ray
  1121 | D:2      | Reached XP level 3. HP: 19/19 MP: 2/10
  1862 | D:2      | Reached skill level 5 in Conjurations
  1939 | D:2      | Found a bloodstained altar of Trog.
  2203 | D:3      | Found a shadowy altar of Dithmenos.
  2315 | D:3      | Reached XP level 4. HP: 24/24 MP: 7/12
  2531 | D:3      | Reached XP level 5. HP: 22/28 MP: 7/14
  3062 | D:3      | Found a sacrificial altar of Ru.
  3537 | D:4      | Reached skill level 5 in Spellcasting
  3606 | D:4      | Reached XP level 6. HP: 32/32 MP: 6/16
  3885 | D:4      | Learned a level 4 spell: Iskenderun's Mystic Blast
  4188 | D:4      | Reached XP level 7. HP: 36/36 MP: 13/18
  4272 | D:4      | Reached skill level 1 in Translocations
  4650 | D:5      | Entered Level 5 of the Dungeon
  4819 | D:5      | HP: 1/36 [centaur/arrow (14)]
  4822 | D:5      | Slain by a centaur

Illustrated notes

Levels and vault maps discovered:
D:1:      wander_arrival_abandoned_jail, layout_loops_ring, roderic_lattice_a
D:2:      layout_basic, bloody_trog, minmay_misc_feat_rows
D:3:      layout_basic, general_overflow_altar,
          nicolae_dithmenos_through_a_glass_darkly
D:4:      layout_basic
D:5:      layout_layer_cave, kennysheep_mini_moat, basic_altar

Skill      XL: |  1  2  3  4  5  6  7 |
---------------+----------------------+-----
Fire Magic     | 1 2 3 4 |  4.6
Conjurations   | 5 6 |  6.9
Spellcasting   | 4 5 6 |  6.5
Translocations | 1 |  1.4
Dodging        | |  2.4
Stealth        | |  2.4

Action                   |  1- 3 |  4- 6 |  7- 9 || total
-------------------------+-------+-------+-------++-------
Melee: Whip              |     4 |       |       ||     4
       Staff             |       |     3 |       ||     3
 Cast: Magic Dart        |    39 |     8 |     8 ||    55
       Searing Ray       |    21 |    27 |     6 ||    54
  Use: Scroll            |     9 |     1 |     3 ||    13
       Potion            |       |       |     2 ||     2
Armor: Robe              |     2 |       |       ||     2
Dodge: Dodged            |     7 |     6 |     1 ||    14
